Map: 机械城 - 天梯版

Players

Has - Winner!

  • Race: Protoss Protoss

RiSky

  • Race: Zerg Zerg

Event: WESG 2018 Grand Finals

VOD

Have the link to the VOD?

Description

Time

  • Played on: March 11, 2019, 5:11 a.m.
  • Length: 6:36

All games in this series

Show
View Real Time Build Order
Export as new Build Order

Has Protoss - Winner!

Build Orders: 1 Gate Expand 

Get SALT Encoding   

  12  0:00  Probe  
  13  0:12  Probe  
  14  0:18  Pylon  
  14  0:23  Probe  
  15  0:32  Probe  
  15  0:38  Gateway  
  15  0:40  Probe  
  17  0:50  Probe  
  17  0:53  Assimilator  
  18  0:58  Probe  
  19  1:06  Probe  
  20  1:24  Cybernetics Core  
  20  1:34  Nexus  
  20  1:37  Probe  
  21  1:41  Assimilator  
  21  1:48  Pylon  
  21  1:52  Probe  
  22  1:57  Adept  
  22  2:00  Warp Gate  
  22  2:05  Probe  
  25  2:17  Probe  
  26  2:26  Adept  
  28  2:30  Robotics Facility  
  28  2:32  Probe  
  29  2:43  Gateway  
  29  2:47  Probe  
  31  2:56  Gateway  
  30  3:00  Probe  
  30  3:02  Probe  
  32  3:09  Sentry  
  35  3:12  Probe  
  35  3:14  Shield Battery, Probe  
  36  3:25  Probe  
  36  3:26  Immortal  
  38  3:33  Gateway  
  38  3:35  Gateway  
  43  3:46  Gateway  
  43  3:47  Probe  
  42  3:49  Pylon  
  42  3:52  Sentry x2  
  46  3:56  Warp Prism  
  46  3:57  Pylon  
  46  4:08  Pylon, Sentry  
  50  4:16  Sentry  
  52  4:17  Pylon, Zealot  
  54  4:30  Zealot x2  
  58  4:31  Zealot  
  60  4:44  Pylon  
  60  4:47  Stalker x3  
  60  4:51  Zealot  
  68  4:53  Stalker  
  70  5:02  Pylon  
  70  5:05  Zealot  
  72  5:10  Zealot  
  72  5:11  Zealot x2  
  72  5:13  Sentry  
  80  5:31  Stalker x2  
  80  5:32  Zealot x2  
  80  5:33  Zealot  
  90  5:40  Zealot  
  88  5:55  Sentry, Zealot x2  
  94  5:58  Pylon  
  94  6:00  Pylon  
  94  6:02  Pylon  
  94  6:03  Pylon  
  80  6:13  Zealot x3  
  80  6:16  Stalker x2  
  88  6:19  Zealot  
Show
View Real Time Build Order
Export as new Build Order

RiSky Zerg 

Build Orders: Hatch First 

Get SALT Encoding   

  12  0:00  Drone  
  13  0:12  Overlord  
  13  0:17  Drone  
  14  0:31  Drone x2  
  16  0:50  Hatchery  
  16  0:52  Drone  
  16  0:56  Drone  
  17  1:00  Drone  
  18  1:11  Extractor  
  17  1:16  Spawning Pool  
  17  1:18  Drone  
  17  1:22  Drone  
  18  1:28  Drone  
  19  1:39  Drone  
  20  1:49  Overlord  
  20  2:02  Queen x2  
  20  2:03  Zergling x4  
  26  2:11  Drone  
  26  2:12  Metabolic Boost  
  27  2:16  Drone  
  27  2:22  Drone  
  29  2:23  Drone  
  30  2:33  Drone  
  31  2:42  Hatchery  
  30  2:45  Drone  
  31  2:51  Queen  
  31  2:57  Overlord  
  33  2:59  Drone  
  33  3:02  Drone  
  33  3:05  Drone  
  35  3:14  Overlord  
  35  3:16  Drone  
  35  3:17  Drone x2  
  38  3:20  Drone x2  
  38  3:23  Drone  
  38  3:25  Drone  
  42  3:30  Drone  
  42  3:31  Drone  
  43  3:36  Overlord  
  43  3:40  Spine Crawler  
  42  3:44  Zergling x4  
  42  3:46  Drone x2  
  46  3:50  Zergling x4  
  46  3:54  Zergling x2  
  49  3:58  Queen  
  49  4:01  Zergling x4  
  53  4:05  Zergling x6  
  53  4:08  Zergling x2  
  57  4:14  Overlord  
  57  4:19  Overlord  
  57  4:20  Zergling x4  
  57  4:21  Baneling Nest, Zergling x2  
  59  4:25  Overlord  
  59  4:27  Overlord  
  61  4:31  Zergling x4  
  61  4:33  Zergling x2  
  61  4:38  Zergling x4  
  61  4:43  Drone x2  
  61  4:44  Zergling x4  
  67  4:48  Zergling x2  
  67  4:53  Zergling x2  
  67  4:58  Zergling x2  
  67  4:59  Queen  
  64  5:01  Spine Crawler, Zergling x2  
  64  5:02  Spine Crawler, Zergling x2  
  66  5:07  Zergling x8  
  66  5:08  Baneling  
  66  5:11  Zergling x2  
  66  5:13  Baneling x3  
  71  5:16  Zergling x4  
  71  5:20  Zergling x4  
  75  5:26  Zergling x4  
  75  5:30  Overlord  
  75  5:33  Baneling x5  
  64  5:43  Zergling x2  
  64  5:44  Zergling x2  
  64  5:46  Zergling x4  
  64  5:51  Zergling x2  
  64  5:52  Zergling x4  
  64  5:53  Baneling x2  
  64  5:54  Queen  
  64  5:55  Zergling x2  
  70  6:00  Overlord  
  69  6:05  Zergling x2  
  69  6:11  Zergling x2  
  54  6:14  Zergling x2  
Tags
 
Add a new tag
Caveats
  • Supply blocks, unpowered buildings, or Contaminate may cause inaccurate times.
  • Supply counts are checked every 10 seconds.